[ PARTIDA AOE2 · #507147694 ]
UnrankedRomanos vs Romans
Equipo del jugador · DERR
Equipo rival · VICT
[ ANÁLISIS DE REPETICIÓN · EXTRAÍDO DE LA PARTIDA GRABADA ]
Feudal
10:33
Castillos
22:25
Imperial
—
| APM promedio | 67.9 |
| APM pico | 126 |
| eAPM promedio | 44.7 |
| Aldeanos / militares | 107 / 46 |
Foco
⚔️ 64.4% · 🌾 35.6%
Scorpion ×18 · Skirmisher ×13 · Monk ×5 · Militia ×4 · Scout Cavalry ×3 · Archer ×2
Feudal
9:15
Castillos
19:56
Imperial
—
| APM promedio | 46.9 |
| APM pico | 91 |
| eAPM promedio | 18.5 |
| Aldeanos / militares | 98 / 55 |
Foco
⚔️ 35.8% · 🌾 64.2%
Militia ×21 · Archer ×14 · Knight ×14 · Skirmisher ×4 · Battering Ram ×2
Mapa de la partida
Recursos iniciales + cada clic de construcción. Líneas = muros · curvas = relieve. ◆ oro · ⬟ piedra · ● bayas · ✦ reliquia · ◌ hueco del cierre
Tu base· ✓ Cerrada en 22:25 · 33t muro · sin puerta
Base de Skyrend· ✓ Cerrada en 19:56 · 23t muro · 1 puerta(s)
Terreno inicial suavizado · ◌ = hueco del cierre detectado · pasá el cursor para detalles
Inputs por minuto
— KIV.YourAddHere - - Skyrend
Build order — KIV.YourAddHere
Primeras 150 de 217 acciones detectadas
| 0:00 | Encolar | Villager (Male) |
| 0:00 | Encolar | Villager (Male) |
| 0:02 | Construir | House |
| 0:03 | Construir | House |
| 0:12 | Encolar | Villager (Male) |
| 0:12 | Encolar | Villager (Male) |
| 1:38 | Encolar | Villager (Male) |
| 2:02 | Encolar | Villager (Male) |
| 2:10 | Encolar | Villager (Male) |
| 2:10 | Encolar | Villager (Male) |
| 3:04 | Encolar | Villager (Male) |
| 3:04 | Encolar | Villager (Male) |
| 3:46 | Construir | Barracks |
| 3:48 | Construir | House |
| 3:54 | Encolar | Villager (Male) |
| 3:56 | Encolar | Villager (Male) ×3 |
| 4:12 | Encolar | Villager (Male) |
| 4:25 | Construir | House |
| 4:29 | Investigar | Loom |
| 4:50 | Encolar | Villager (Male) |
| 4:50 | Encolar | Villager (Male) |
| 4:50 | Encolar | Villager (Male) |
| 4:51 | Encolar | Villager (Male) |
| 4:51 | Encolar | Villager (Male) |
| 4:51 | Encolar | Villager (Male) |
| 4:55 | Encolar | Militia ×2 |
| 5:17 | Encolar | Villager (Male) ×4 |
| 5:33 | Encolar | Villager (Male) |
| 7:14 | Construir | House |
| 7:33 | Encolar | Villager (Male) |
| 7:36 | Encolar | Villager (Male) |
| 7:48 | Construir | Mill |
| 7:54 | Encolar | Militia |
| 8:20 | Investigar | Feudal Age |
| 9:02 | Construir | Mining Camp |
| 9:33 | Construir | Palisade Wall |
| 9:36 | Construir | Palisade Wall |
| 9:40 | Construir | Palisade Wall |
| 9:46 | Encolar | Villager (Male) |
| 9:56 | Construir | Lumber Camp |
| 10:33 | Edad | Edad Feudal |
| 10:36 | Encolar | Militia |
| 10:39 | Investigar | Man-at-Arms (upgrade) |
| 10:52 | Encolar | Villager (Male) |
| 10:57 | Investigar | Double-Bit Axe |
| 11:08 | Encolar | Villager (Male) |
| 11:20 | Construir | Archery Range |
| 11:24 | Encolar | Villager (Male) |
| 11:40 | Construir | House |
| 11:56 | Construir | Farm |
| 12:00 | Encolar | Villager (Male) |
| 12:17 | Encolar | Skirmisher ×4 |
| 12:24 | Construir | Farm |
| 12:29 | Encolar | Villager (Male) |
| 12:30 | Encolar | Skirmisher |
| 12:31 | Encolar | Villager (Male) ×5 |
| 12:36 | Investigar | Double-Bit Axe |
| 12:36 | Investigar | Double-Bit Axe |
| 12:38 | Encolar | Villager (Male) ×2 |
| 12:44 | Construir | Farm |
| 12:46 | Encolar | Skirmisher |
| 13:08 | Construir | Palisade Wall |
| 13:09 | Construir | Palisade Wall |
| 13:19 | Encolar | Skirmisher ×2 |
| 13:21 | Encolar | Villager (Male) |
| 13:26 | Construir | Farm |
| 13:41 | Construir | Farm |
| 13:53 | Construir | House |
| 13:56 | Investigar | Town Watch |
| 14:24 | Encolar | Villager (Male) |
| 14:27 | Construir | Stable |
| 14:41 | Encolar | Villager (Male) |
| 14:43 | Construir | Lumber Camp |
| 14:48 | Construir | House |
| 14:51 | Construir | Palisade Wall |
| 14:53 | Encolar | Villager (Male) |
| 15:00 | Encolar | Villager (Male) |
| 15:04 | Construir | House |
| 15:12 | Encolar | Scout Cavalry |
| 15:21 | Encolar | Villager (Male) |
| 15:24 | Construir | Farm |
| 15:28 | Construir | Farm |
| 15:41 | Construir | House |
| 15:48 | Construir | House |
| 15:49 | Construir | Palisade Wall |
| 15:56 | Encolar | Scout Cavalry |
| 16:00 | Encolar | Villager (Male) |
| 16:03 | Construir | Farm |
| 16:06 | Construir | Farm |
| 16:27 | Construir | Mill |
| 16:28 | Construir | Farm |
| 16:28 | Construir | Farm |
| 16:28 | Construir | Farm |
| 16:29 | Construir | Farm |
| 16:29 | Construir | Farm |
| 16:29 | Construir | Farm |
| 16:29 | Construir | Farm |
| 16:41 | Encolar | Skirmisher |
| 16:52 | Encolar | Villager (Male) |
| 17:05 | Construir | Farm |
| 17:06 | Encolar | Villager (Male) |
| 17:10 | Construir | Farm |
| 17:25 | Construir | Farm |
| 17:35 | Construir | House |
| 17:36 | Construir | House |
| 17:48 | Encolar | Villager (Male) |
| 17:50 | Investigar | Wheelbarrow |
| 17:53 | Construir | Market |
| 17:56 | Construir | House |
| 17:57 | Construir | House |
| 17:58 | Construir | Palisade Wall |
| 17:58 | Construir | Palisade Wall |
| 18:10 | Construir | Farm |
| 18:16 | Construir | Farm |
| 18:19 | Construir | House |
| 18:22 | Investigar | Horse Collar |
| 18:54 | Construir | Archery Range |
| 19:06 | Construir | House |
| 19:10 | Encolar | Scout Cavalry |
| 19:15 | Encolar | Villager (Male) |
| 19:30 | Construir | Blacksmith |
| 19:45 | Investigar | Castle Age |
| 19:52 | Encolar | Archer |
| 19:53 | Encolar | Archer |
| 20:15 | Construir | Palisade Wall |
| 20:16 | Construir | Palisade Wall |
| 20:16 | Construir | Palisade Wall |
| 20:26 | Construir | House |
| 20:28 | Construir | House |
| 20:30 | Construir | House |
| 20:32 | Construir | House |
| 20:35 | Construir | House |
| 20:47 | Construir | House |
| 20:48 | Construir | House |
| 20:50 | Construir | Farm |
| 20:54 | Construir | House |
| 21:06 | Encolar | Skirmisher |
| 21:06 | Encolar | Skirmisher |
| 21:08 | Investigar | Padded Archer Armor |
| 21:41 | Encolar | Skirmisher |
| 21:42 | Encolar | Skirmisher |
| 21:55 | Construir | House |
| 21:58 | Construir | House |
| 22:00 | Construir | Stone Wall |
| 22:04 | Construir | House |
| 22:05 | Construir | House |
| 22:07 | Construir | Stone Wall |
| 22:09 | Construir | House |
| 22:19 | Construir | Lumber Camp |
| 22:25 | Edad | Edad de los Castillos |
Build order — Skyrend
Primeras 150 de 259 acciones detectadas
| 0:00 | Encolar | Villager (Male) |
| 0:00 | Encolar | Villager (Male) |
| 0:01 | Encolar | Villager (Male) |
| 0:02 | Construir | House |
| 0:03 | Construir | House |
| 0:22 | Encolar | Villager (Male) |
| 0:23 | Encolar | Villager (Male) |
| 1:16 | Encolar | Villager (Male) |
| 1:17 | Encolar | Villager (Male) |
| 1:17 | Encolar | Villager (Male) |
| 1:56 | Encolar | Villager (Male) |
| 2:20 | Construir | Lumber Camp |
| 2:24 | Encolar | Villager (Male) |
| 2:24 | Encolar | Villager (Male) |
| 2:40 | Encolar | Villager (Male) |
| 2:40 | Encolar | Villager (Male) |
| 3:04 | Construir | House |
| 3:10 | Encolar | Villager (Male) |
| 3:10 | Encolar | Villager (Male) |
| 3:10 | Encolar | Villager (Male) |
| 3:17 | Construir | House |
| 3:43 | Encolar | Villager (Male) |
| 3:43 | Encolar | Villager (Male) |
| 3:43 | Encolar | Villager (Male) |
| 3:45 | Construir | Palisade Wall |
| 3:55 | Encolar | Villager (Male) |
| 3:55 | Encolar | Villager (Male) |
| 4:02 | Construir | Palisade Wall |
| 4:08 | Encolar | Villager (Male) |
| 4:40 | Encolar | Villager (Male) |
| 4:41 | Encolar | Villager (Male) |
| 5:16 | Encolar | Villager (Male) |
| 5:31 | Construir | Mill |
| 5:48 | Encolar | Villager (Male) |
| 6:25 | Investigar | Loom |
| 6:47 | Investigar | Feudal Age |
| 6:48 | Investigar | Feudal Age |
| 7:14 | Construir | Palisade Wall |
| 7:38 | Encolar | Villager (Male) |
| 7:49 | Construir | House |
| 8:21 | Construir | Barracks |
| 8:24 | Construir | Palisade Wall |
| 8:30 | Construir | House |
| 8:32 | Encolar | Villager (Male) |
| 9:09 | Construir | Palisade Wall |
| 9:15 | Edad | Edad Feudal |
| 9:16 | Encolar | Villager (Male) |
| 9:29 | Construir | Archery Range |
| 9:54 | Encolar | Villager (Male) |
| 10:09 | Construir | House |
| 10:11 | Encolar | Skirmisher |
| 10:15 | Encolar | Villager (Male) |
| 10:18 | Construir | Palisade Wall |
| 10:19 | Construir | Palisade Wall |
| 10:29 | Encolar | Skirmisher |
| 10:31 | Encolar | Villager (Male) |
| 10:52 | Encolar | Villager (Male) |
| 10:54 | Construir | House |
| 10:55 | Construir | House |
| 11:07 | Encolar | Villager (Male) |
| 11:20 | Encolar | Skirmisher |
| 11:23 | Construir | Farm |
| 11:25 | Construir | Farm |
| 11:26 | Construir | Farm |
| 12:05 | Construir | Mining Camp |
| 12:05 | Encolar | Skirmisher |
| 12:06 | Encolar | Villager (Male) |
| 12:17 | Construir | Farm |
| 12:31 | Encolar | Villager (Male) |
| 12:32 | Encolar | Archer |
| 12:41 | Construir | Farm |
| 13:02 | Construir | Farm |
| 13:05 | Construir | Farm |
| 13:10 | Encolar | Villager (Male) |
| 13:11 | Encolar | Archer |
| 13:26 | Construir | Farm |
| 13:35 | Encolar | Villager (Male) |
| 13:37 | Construir | Farm |
| 13:50 | Encolar | Archer |
| 13:56 | Encolar | Villager (Male) |
| 14:14 | Encolar | Villager (Male) |
| 14:16 | Construir | Farm |
| 14:40 | Encolar | Villager (Male) |
| 14:41 | Encolar | Archer |
| 15:12 | Encolar | Villager (Male) |
| 15:23 | Construir | Farm |
| 15:23 | Construir | Farm |
| 15:29 | Encolar | Archer |
| 16:00 | Encolar | Villager (Male) |
| 16:06 | Encolar | Archer |
| 16:06 | Encolar | Villager (Male) |
| 16:10 | Construir | Farm |
| 16:14 | Construir | Farm |
| 16:25 | Construir | Blacksmith |
| 16:27 | Encolar | Villager (Male) |
| 16:27 | Encolar | Archer |
| 16:38 | Construir | House |
| 16:38 | Construir | House |
| 16:40 | Construir | House |
| 17:10 | Investigar | Castle Age |
| 17:10 | Investigar | Castle Age |
| 17:24 | Encolar | Archer |
| 17:24 | Encolar | Archer |
| 17:24 | Encolar | Archer |
| 17:50 | Investigar | Fletching |
| 18:02 | Construir | Barracks |
| 18:04 | Encolar | Archer |
| 18:19 | Encolar | Archer |
| 18:51 | Encolar | Villager (Male) |
| 19:05 | Investigar | Man-at-Arms (upgrade) |
| 19:07 | Encolar | Archer |
| 19:09 | Investigar | Gold Mining |
| 19:27 | Encolar | Militia |
| 19:28 | Investigar | Scale Mail Armor |
| 19:50 | Encolar | Villager (Male) |
| 19:55 | Construir | Palisade Gate |
| 19:56 | Edad | Edad de los Castillos |
| 19:58 | Investigar | Crossbowman (upgrade) |
| 19:58 | Investigar | Crossbowman (upgrade) |
| 20:02 | Investigar | Bodkin Arrow |
| 20:02 | Investigar | Bodkin Arrow |
| 20:03 | Investigar | Bodkin Arrow |
| 20:29 | Investigar | Squires |
| 20:33 | Encolar | Villager (Male) |
| 20:43 | Construir | Town Center |
| 20:59 | Encolar | Militia |
| 21:00 | Encolar | Militia |
| 21:00 | Encolar | Militia |
| 21:08 | Construir | Farm |
| 21:22 | Encolar | Villager (Male) |
| 21:22 | Encolar | Villager (Male) |
| 21:29 | Encolar | Militia |
| 21:29 | Encolar | Militia |
| 22:02 | Encolar | Villager (Male) |
| 22:03 | Encolar | Villager (Male) |
| 22:23 | Investigar | Long Swordsman (upgrade) |
| 22:23 | Investigar | Long Swordsman (upgrade) |
| 22:23 | Investigar | Long Swordsman (upgrade) |
| 22:26 | Construir | Farm |
| 23:00 | Construir | House |
| 23:01 | Construir | House |
| 23:02 | Construir | House |
| 23:05 | Construir | Farm |
| 23:07 | Construir | Farm |
| 23:07 | Encolar | Villager (Male) |
| 23:08 | Encolar | Villager (Male) |
| 23:10 | Construir | Farm |
| 23:13 | Encolar | Militia |
| 23:13 | Encolar | Militia |
| 23:33 | Encolar | Villager (Male) |
Cronología de la partida
| 3:45 | Skyrend · wall_segment Palisade Wall x5 |
| 3:46 | KIV.YourAddHere · first_building Barracks |
| 4:02 | Skyrend · wall_segment Palisade Wall x4 |
| 7:14 | Skyrend · wall_segment Palisade Wall x6 |
| 8:21 | Skyrend · first_building Barracks |
| 8:24 | Skyrend · wall_segment Palisade Wall x1 |
| 9:09 | Skyrend · wall_segment Palisade Wall x9 |
| 9:15 | Skyrend · age_up feudal |
| 9:29 | Skyrend · first_building Archery Range |
| 9:33 | KIV.YourAddHere · wall_segment Palisade Wall x1 |
| 9:36 | KIV.YourAddHere · wall_segment Palisade Wall x1 |
| 9:40 | KIV.YourAddHere · wall_segment Palisade Wall x1 |
| 10:18 | Skyrend · wall_segment Palisade Wall x1 |
| 10:19 | Skyrend · wall_segment Palisade Wall x1 |
| 10:33 | KIV.YourAddHere · age_up feudal |
| 11:20 | KIV.YourAddHere · first_building Archery Range |
| 13:08 | KIV.YourAddHere · wall_segment Palisade Wall x2 |
| 13:09 | KIV.YourAddHere · wall_segment Palisade Wall x10 |
| 14:27 | KIV.YourAddHere · first_building Stable |
| 14:51 | KIV.YourAddHere · wall_segment Palisade Wall x1 |
| 15:49 | KIV.YourAddHere · wall_segment Palisade Wall x11 |
| 17:58 | KIV.YourAddHere · wall_segment Palisade Wall x1 |
| 17:58 | KIV.YourAddHere · wall_segment Palisade Wall x1 |
| 19:56 | Skyrend · age_up castle |
| 20:15 | KIV.YourAddHere · wall_segment Palisade Wall x1 |
| 20:16 | KIV.YourAddHere · wall_segment Palisade Wall x1 |
| 20:16 | KIV.YourAddHere · wall_segment Palisade Wall x1 |
| 22:00 | KIV.YourAddHere · wall_segment Stone Wall x1 |
| 22:07 | KIV.YourAddHere · wall_segment Stone Wall x1 |
| 22:25 | KIV.YourAddHere · age_up castle |
| 22:29 | KIV.YourAddHere · first_building Siege Workshop |
| 25:18 | KIV.YourAddHere · first_market_sell 100 food |
| 26:43 | Skyrend · first_market_buy 100 food |
| 27:28 | Skyrend · first_building Stable |
| 29:18 | KIV.YourAddHere · first_building Monastery |
| 29:26 | Skyrend · first_building Siege Workshop |
| 29:57 | KIV.YourAddHere · first_building Castle |
| 31:59 | KIV.YourAddHere · resign |
[ ANÁLISIS IA · 1 CRÉDITO ]
¿Qué pasó realmente en esta partida?
Wolo.gg analiza cada decisión: build order, eco, micro, errores típicos por bracket. Análisis personalizado por WhatsApp o Discord en 30 segundos.
Guía civ
Romanos
Perfil
KIV.YourAddHere